 Dungeon Crawl Stone Soup version 0.29.1-15-g9cfb28693d (webtiles) character file.

Game seed: 3787938248336010611

9 croobank the Sneak (level 2, -3/21 HPs)
             Began as an Octopode Delver on Feb 23, 2023.
             Slain by an iguana (7 damage)
             ... on level 5 of the Dungeon.
             The game lasted 00:00:37 (98 turns).

croobank the Sneak (Octopode Delver)                  Turns: 98, Time: 00:00:38

Health: -3/21      AC:  1    Str: 11    XL:     2   Next: 12%
Magic:  2/2        EV: 13    Int: 12    God:
Gold:   24         SH:  0    Dex: 13    Spells: 1/1 levels left

rFire   . . .      SeeInvis .   g - +0 short sword (venom)
rCold   . . .      Faith    .   (no shield)
rNeg    . . .      Spirit   .   (helmet restricted)
rPois   .          Reflect  .   (no amulet)
rElec   .          Harm     .   (no ring)
rCorr   .          Rampage  .   (no ring)
Will    .....                   (no ring)
Stlth   ++++......              (no ring)
HPRegen 0.07/turn               (no ring)
MPRegen 0.08/turn               (no ring)
                                (no ring)
                                (no ring)

@: no status effects
A: almost no armour, amphibious, 8 rings, camouflage 1, gelatinous body 1,
(nimble swimmer 1), tentacles
a: no special abilities


You were on level 5 of the Dungeon.
You visited 1 branch of the dungeon, and saw 2 of its levels.

You collected 24 gold pieces.

Inventory:

Hand Weapons
 a - a +0 hand axe
 g - a +0 short sword of venom (weapon)
Wands
 f - a wand of digging (3)
Scrolls
 b - a scroll of fog
 c - 2 scrolls of magic mapping
 d - a scroll of fear
 h - a scroll of vulnerability {unknown}
Potions
 e - a potion of haste
 i - a potion of attraction {unknown}


   Skills:
 + Level 3.1 Fighting
 + Level 2.2 Axes
 + Level 2.2 Dodging
 + Level 6.7 Stealth


You had one spell level left.
You didn't know any spells.
Your spell library was empty.

Dungeon Overview and Level Annotations

Branches:
Dungeon (6/15)
 Temple: D:4-7

Altars:

Shops:
D:6 *


Innate Abilities, Weirdness & Mutations

You cannot wear most types of armour.
You are amphibious.
You can wear up to eight rings at the same time.
Your skin changes colour to match your surroundings (Stealth+).
Your rubbery body absorbs attacks. (AC +1, EV +1)
((You are camouflaged when in or above water. (Stealth+)))
You have tentacles for arms and can constrict up to eight enemies at once.


Message History

g - a +0 short sword of venom (weapon)
h - a scroll labelled TEROOSERPHIM
i - a cyan potion You open the door.
There is an open door here.
An adder comes into view.
Found 10 gold pieces.
Found 14 gold pieces.
The helpless adder fails to defend itself.
You puncture the adder!
The adder is poisoned.
Your grab misses the adder.
The adder is severely wounded.
The adder bites you.
You hit the adder but do no damage.
The adder looks as sick as possible!
Your grab misses the adder. Your squeeze misses the adder.
The adder is almost dead.
The adder barely misses you. The adder misses you.
You hit the adder.
You kill the adder!
You have reached level 2!
HP restored.
You now have 10 gold pieces.
You now have 24 gold pieces (gained 14).
An iguana comes into view.
An iguana comes into view.
The helpless iguana fails to defend itself.
You puncture the iguana!
The iguana is poisoned.
You grab the iguana.
The iguana is heavily wounded.
You constrict the iguana, but do no damage.
The iguana bites you!
You hit the iguana but do no damage.
The iguana looks as sick as possible!
The iguana is heavily wounded.
You constrict the iguana, but do no damage.
The iguana hisses angrily.
The iguana bites you!
* * * LOW HITPOINT WARNING * * *
You barely miss the iguana.
The iguana is heavily wounded.
You constrict the iguana, but do no damage.
The iguana bites you!
You die...

..... ..... ......
...... ##+####
########l.....
......#+###.............
.................l......
................@.......
...†..............######
..................#
#..........##+#####
#..........#
##+###.....#
.....#.....#
..[..#.....#
.....+.....#


You could see 2 iguanas.

Vanquished Creatures
  An adder (D:5)
1 creature vanquished.

Notes
Turn   | Place    | Note
-------+----------+-------------------------------------------
     0 | D:5      | croobank the Octopode Delver began the quest for the Orb.
     0 | D:5      | Reached XP level 1. HP: 16/16 MP: 1/1
     1 | D:6      | Noticed a hound
     1 | D:6      | Found Dyze's General Store.
    47 | D:5      | Reached XP level 2. HP: 18/21 MP: 2/2
    98 | D:5      | Slain by an iguana

Illustrated notes

Levels and vault maps discovered:
D:5:      layout_gridville, temple_fountains, serial_glass, glass_columns_b,
          glass_columns_b
D:6:      layout_basic, serial_shops, nicolae_diamond_shop, gup_sewer_entry_pipe

Action                   || total
-------------------------++-------
Melee: Short sword       ||     6
       Constrict         ||     1
 Stab: Sleeping          ||     2
Dodge: Dodged            ||     2
